 Dungeon Crawl Stone Soup version 0.30-a0-881-g1ff12e1e11 (webtiles) character file.

Game seed: 8262780502801601575

7303 Dittersdorf the Fighter (level 11, -2/72 HPs)
             Began as a Gargoyle Fighter on Mar 14, 2023.
             Was a High Priest of Okawaru.
             Slain by a six-headed hydra (8 damage)
             ... on level 10 of the Dungeon.
             The game lasted 00:12:20 (8679 turns).

Dittersdorf the Fighter (Gargoyle Fighter)          Turns: 8679, Time: 00:12:21

Health: -2/72      AC: 24    Str: 25    XL:     11   Next: 13%
Magic:  11/11      EV: 12    Int: 11    God:    Okawaru [*****.]
Gold:   519        SH: 10    Dex:  9    Spells: 10/10 levels left

rFire   . . .      SeeInvis .    D - +3 demon whip (venom)
rCold   + + .      Faith    .    E - +0 kite shield
rNeg    + + .      Spirit   .    x - +1 chain mail {rPois}
rPois   ∞          Reflect  .    A - +0 helmet {Int+3}
rElec   +          Rampage  .    r - +0 cloak
rCorr   .                        n - +0 pair of gloves
Will    .....                    (no boots) Stlth
                                 (no amulet)
HPRegen 0.32/turn                j - +5 ring of evasion
MPRegen 0.12/turn                B - ring of Patience {rC++ rN+}

@: no status effects
A: sickness immunity, AC +8, negative energy resistance 1, electricity
resistance, torment resistance 1, petrification resistance
a: Renounce Religion, Heroism, Finesse, Duel


You were on level 10 of the Dungeon.
You worshipped Okawaru.
Okawaru was extremely pleased with you.
You visited 2 branches of the dungeon, and saw 11 of its levels.

You collected 519 gold pieces.

Inventory:

Hand Weapons
 D - a +3 demon whip of venom (weapon)
Missiles
 a - 10 poisoned darts (quivered)
 C - a curare-tipped dart
Armour
 n - a +0 pair of gloves (worn)
 r - a +0 cloak (worn)
 x - a +1 chain mail of poison resistance (worn)
 A - a +0 helmet of intelligence (worn)
 E - a +0 kite shield (worn)
Jewellery
 j - a +5 ring of evasion (left hand)
 z - a ring of see invisible
 B - the ring of Patience (right hand) {rC++ rN+}
   (You found it on level 8 of the Dungeon)

   [ring of positive energy]

   rC:        It greatly protects you from cold.
   rN:        It protects you from negative energy.
Wands
 p - a wand of paralysis (14)
 v - a wand of flame (22)
Scrolls
 b - a scroll of enchant armour {unknown}
 g - a scroll of enchant weapon {unknown}
 h - 4 scrolls of teleportation
 i - 2 scrolls of poison {unknown}
 l - a scroll of vulnerability {unknown}
 m - 3 scrolls of magic mapping {unknown}
 q - a scroll of blinking {unknown}
 y - a scroll of fear {unknown}
Potions
 c - a potion of flight {unknown}
 d - a potion of might
 e - 3 potions of heal wounds
 f - a potion of mutation {unknown}
 k - 2 potions of haste
 o - 2 potions of brilliance
 s - a potion of invisibility
 t - a potion of ambrosia
 u - 3 potions of curing


   Skills:
 + Level 9.9 Fighting
 + Level 8.7 Maces & Flails
 + Level 9.9 Armour
 + Level 9.8 Shields


You had 10 spell levels left.
You didn't know any spells.
Your spell library contained the following spells:

 Spells                   Type           Power      Damage    Failure   Level
 Necrotise                Necr           0%         1d4       99%         1
 Portal Projectile        Hex/Tloc       0%         N/A       100%        3
 Vampiric Draining        Necr           0%         2d6       100%        3
 Passage of Golubria      Tloc           0%         N/A       100%        4
 Agony                    Necr           0%         N/A       100%        5
 Blade Hands              Tmut           0%         N/A       100%        5
 Yara's Violent Unravell  Hex/Tmut       0%         3d3       100%        5
 Tukima's Dance           Hex            Unusable   N/A       N/A         3

Dungeon Overview and Level Annotations

Branches:
Dungeon (10/15)            Temple (1/1) D:4
   Lair: D:8-11         Orc: D:9-12

Altars:
Ashenzari
Cheibriados
Dithmenos
Elyvilon
Fedhas
Gozag
Hepliaklqana
Kikubaaqudgha
Makhleb
Nemelex Xobeh
Okawaru
Qazlal
Sif Muna
Trog
Uskayaw
Vehumet
Wu Jian
Xom
Yredelemnul
Zin
The Shining One

Shops:
D:5 *   D:8 :!

Annotations:
D:7 1 runed translucent door


Innate Abilities, Weirdness & Mutations

You are immune to sickness and miasma.
Your stone body is resilient. (AC +8)
You are immune to poison.
You resist negative energy. (rN+)
You are resistant to electric shocks. (rElec)
You are resistant to unholy torment.
You are immune to petrification.


Message History

You are too injured to fight recklessly!
You are too injured to fight recklessly!
You are too injured to fight recklessly!
You are too injured to fight recklessly!
You are too injured to fight recklessly!
You closely miss the orc.
The tengu warrior hits you from afar with a +0 glaive!
* * * LOW HITPOINT WARNING * * *
The centaur unwields a +0 shortbow.
The centaur hits you but does no damage.
You block the centaur's attack. The orc closely misses you.
The orc hits you but does no damage.
The orc wizard hits you but does no damage.
You block the orc's attack.
You closely miss the centaur.
The tengu warrior hits you from afar with a +0 glaive.
* * * LOW HITPOINT WARNING * * *
The centaur barely misses you.
The centaur kicks you but does no damage.
You whack the centaur!
The centaur is moderately wounded.
The six-headed hydra bites you!
* * * LOW HITPOINT WARNING * * *
The six-headed hydra bites you but does no damage.
The six-headed hydra completely misses you.
You block the six-headed hydra's attack.
The six-headed hydra bites you but does no damage.
The six-headed hydra misses you.
The orc wizard casts a spell.
The orc wizard flickers and vanishes!
Deactivating autopickup; reactivate with Ctrl-A.
The orc barely misses you. You block the orc's attack.
The orc completely misses you.
The centaur hits you but does no damage.
The centaur closely misses you.
You closely miss the centaur.
The centaur is moderately wounded.
The tengu warrior hits you but does no damage.
The orc hits you but does no damage. The six-headed hydra bites you!
You die...

#.....#
#.......#
#.[...#
#....####
####### #....#
#....# #....#
#######....#
(.....<....#
#######oc..##
#.....o@o...#
#.....WD{o..#
#..(...Q....#
#........$..#
#.......###..#
####..... #...
##.#.. ...
#.#.. ..


You could see a six-headed hydra, a tengu warrior, a shadow, a centaur, an orc
priest and 3 orcs.

Vanquished Creatures
  Maggie (D:8)
  A troll (D:10)
  A vampire (D:9)
  16 yaks
  A wyvern (D:8)
  A steam dragon (D:7)
  Eustachio (D:6)
  A vampire mosquito (D:7)
  Edmund (D:5)
  3 water moccasins
  An ice beast (D:5)
  An orc warrior (D:5)
  A sky beast (D:6)
  4 centaurs
  A phantom (D:5)
  2 kobold brigands (D:9)
  4 bullfrogs
  2 gnoll sergeants (D:9)
  9 scorpions
  10 wights
  3 howler monkeys
  An electric eel (D:8)
  4 hounds
  A jelly (D:5)
  A sleepcap (D:6)
  Crazy Yiuf (D:6)
  3 gnoll boudas
  3 orc priests
  An iguana (D:6)
  10 orc wizards
  7 adders
  23 gnolls
  2 shadow imps
  A white imp (D:7)
  2 ufetubi (D:6)
  A dart slug (D:2)
  24 orcs
  5 ball pythons
  3 bats
  5 endoplasms
  6 giant cockroaches
  10 goblins
  4 hobgoblins (D:1)
  2 jackals (D:1)
  2 quokkas (D:1)
  4 frilled lizards
  8 kobolds
  9 rats
  A butterfly (D:7)
209 creatures vanquished.

Notes
Turn   | Place    | Note
-------+----------+-------------------------------------------
     0 | D:1      | Dittersdorf the Gargoyle Fighter began the quest for the
                  | Orb.
     0 | D:1      | Reached XP level 1. HP: 14/14 MP: 1/1
    75 | D:1      | Reached XP level 2. HP: 19/19 MP: 2/2
   385 | D:1      | Reached XP level 3. HP: 21/23 MP: 3/3
   860 | D:2      | Reached XP level 4. HP: 27/29 MP: 4/4
  2352 | D:4      | Reached XP level 5. HP: 33/33 MP: 5/5
  2359 | D:4      | Found a staircase to the Ecumenical Temple.
  2366 | Temple   | Entered the Ecumenical Temple
  2386 | Temple   | Became a worshipper of Warmaster Okawaru
  2642 | D:5      | Entered Level 5 of the Dungeon
  2786 | D:5      | Reached XP level 6. HP: 36/39 MP: 6/6
  2840 | D:5      | Noticed an ice beast
  2851 | D:5      | Killed an ice beast
  2868 | D:5      | Reached skill level 5 in Armour
  2891 | D:5      | Reached skill level 5 in Fighting
  2891 | D:5      | Reached skill level 5 in Shields
  2999 | D:5      | Reached XP level 7. HP: 33/44 MP: 7/7
  3092 | D:5      | Reached * piety under Okawaru
  3136 | D:5      | Noticed Edmund
  3152 | D:5      | Killed Edmund
  3275 | D:5      | Found Welys's General Store.
  3769 | D:6      | Reached ** piety under Okawaru
  3770 | D:6      | Reached XP level 8. HP: 44/51 MP: 8/8
  3795 | D:6      | Noticed Eustachio
  4005 | D:6      | Killed Eustachio
  4006 | D:6      | Reached skill level 5 in Maces & Flails
  4038 | D:6      | Found an ornate altar of the Wu Jian Council.
  4435 | D:6      | Reached *** piety under Okawaru
  4531 | D:6      | Found a hazy altar of Hepliaklqana.
  4531 | D:6      | Found a bloodstained altar of Trog.
  4531 | D:6      | Found a radiant altar of Vehumet.
  4540 | D:6      | Found a broken altar of Ashenzari.
  4542 | D:6      | Found an opulent altar of Gozag.
  4543 | D:6      | Found an ancient bone altar of Kikubaaqudgha.
  4563 | D:6      | Found a glowing golden altar of the Shining One.
  4566 | D:6      | Found a hide-covered altar of Uskayaw.
  4567 | D:6      | Found a shimmering blue altar of Sif Muna.
  4591 | D:6      | Reached XP level 9. HP: 56/56 MP: 9/9
  4833 | D:6      | Found a runed translucent door.
  4834 | D:6      | Noticed Crazy Yiuf
  5287 | D:6      | Killed Crazy Yiuf
  5866 | D:7      | Found a runed translucent door.
  5868 | D:7      | Found a runed translucent door.
  5900 | D:7      | Reached **** piety under Okawaru
  6415 | D:8      | Noticed Maggie
  6430 | D:8      | Killed Maggie
  6431 | D:8      | Reached XP level 10. HP: 42/64 MP: 10/10
  6650 | D:8      | Reached ***** piety under Okawaru
  6838 | D:8      | Identified the ring of Patience {rC++ rN+}
  6846 | D:8      | Found Finur's Book Shoppe.
  6856 | D:8      | Found Yloinlip's Distillery.
  7756 | D:9      | Received a gift from Okawaru
  8367 | D:10     | Entered Level 10 of the Dungeon
  8566 | D:10     | Reached XP level 11. HP: 70/71 MP: 11/11
  8574 | D:10     | Received a gift from Okawaru
  8668 | D:10     | Noticed a six-headed hydra
  8668 | D:10     | Noticed a tengu warrior
  8679 | D:10     | Slain by a six-headed hydra

Illustrated notes

Levels and vault maps discovered:
D:1:      nicolae_arrival_washed_ashore, layout_rooms, fountainhead
D:2:      layout_basic, kennysheep_generic_room_4
D:3:      layout_loops_ring
D:4:      layout_cave_pools, temple_green, hangedman_decor_push,
          dk_noncrumbling_2
D:5:      minmay_evil_eye, layout_cave_pools, serial_shops,
          nicolae_shop_hallway_plus, uniq_edmund
D:6:      layout_layer_cave, nicolae_overflow_hallway_of_the_gods,
          nicolae_wu_jian_immortal_techniques, uniq_crazy_yiuf_cottage,
          uniq_eustachio
D:7:      lemuel_insect_pit, layout_loops_ring
D:8:      layout_rooms, nicolae_wooded_promenade, uniq_maggie
D:9:      layout_rooms, kennysheep_dice
D:10:     layout_basic, minmay_bent
Temple:   minmay_temple_bridge_abc

Skill      XL: |  1  2  3  4  5  6  7  8  9 10 |
---------------+-------------------------------+-----
Armour         | 4 5 6 8 9 |  9.9
Shields        | 4 5 6 8 9 |  9.8
Fighting       | 4 5 6 8 9 |  9.9
Maces & Flails | 3 4 5 7 8 |  8.7

Action                     |  1- 3 |  4- 6 |  7- 9 | 10-12 || total
---------------------------+-------+-------+-------+-------++-------
  Melee: Flail             |   109 |   191 |   290 |   242 ||   832
         Demon whip        |       |       |       |    11 ||    11
  Throw: Dart              |       |       |     7 |       ||     7
    Use: Scroll            |       |       |    12 |     2 ||    14
 Armour: Scale mail        |    58 |    78 |    10 |       ||   146
         Chain mail        |       |       |   247 |   256 ||   503
  Dodge: Dodged            |    46 |   146 |   282 |   242 ||   716
  Block: Buckler           |    21 |    50 |    99 |    87 ||   257
         Kite shield       |       |       |       |    30 ||    30

Table legend: (Time is in decaauts)
 A = Elapsed time spent in this place.
 B = Non-inter-level travel time spent in this place.
 C = Inter-level travel time spent in this place.
 D = Time resting spent in this place.
 E = Time spent auto-exploring this place.
 F = Levels seen in this place.
 G = Mean time per level.
                   A        B        C        D        E       F      G
               +--------+--------+--------+--------+--------+-----+--------+
         Total |   9105 |   8751 |    354 |   1104 |   5396 |  11 |  827.7 |
       Dungeon |   9064 |   8729 |    335 |   1104 |   5386 |  10 |  906.4 |
        Temple |     40 |     21 |     19 |      0 |     10 |   1 |   40.0 |
               +--------+--------+--------+--------+--------+-----+--------+

Top non-repeatable levels by time:
     D:6: 1616 daAuts
     D:5: 1219 daAuts
     D:8: 1137 daAuts
     D:9: 998 daAuts
     D:7: 994 daAuts
     D:2: 766 daAuts
     D:4: 698 daAuts
     D:3: 692 daAuts
     D:1: 645 daAuts
    D:10: 295 daAuts
  Temple: 40 daAuts
